AoeStats
← Joaquito

Arena

506784883Analyzed
3v3 RM · 17d ago on Sep 15, 2026· 31m 36s· 6 players
Game mode
Random Map
Map size
Normal (6 player)
Population
200
Speed
Normal
Resources
Standard
Victory
Conquest
Starting age
Dark Age
Ending age
Imperial Age
RankedLock teamsTeams togetherTeam positionsShared explorationLock speedFull tech treeHidden civsTurbo modeCheats
Victory
Defeat
🇨🇱 Mongols · Chile
1088
+10
🇨🇱 Cumans · Chile
1015
+13
🇨🇱 Huns · Chile
967
+15
🇲🇽 Portuguese · Mexico
972
-14
🇺🇸 Inca · United States
952
-13
🇵🇪 Bohemians · Peru
918
-11
marshall_o18
0:44 Loom
9:56 Feudal Age
16:47 Castle Age
14:26 Man-at-Arms
16:30 Double-Bit Axe
18:01 Long Swordsman
Campain3r
0:27 Loom
2:36 Loom
9:44 Feudal Age
10:57 Town Watch
13:38 Wheelbarrow
17:38 Castle Age
16:51 Forging
16:43 Scale Mail Armor
16:32 Horse Collar
17:16 Fletching
18:14 Bodkin Arrow
18:29 Double-Bit Axe
20:00 Bow Saw
20:42 Heavy Plow
22:06 Crossbowman
24:29 Hand Cart
25:53 Padded Archer Armor
26:01 Thumb Ring
29:20 Scale Mail Armor
29:37 Leather Archer Armor
harald
2:08 Loom
11:45 Feudal Age
13:12 Horse Collar
13:18 Double-Bit Axe
19:36 Castle Age
17:55 Gold Mining
18:26 Stone Mining
20:20 Wheelbarrow
19:31 Town Watch
Arzzeus
10:21 Feudal Age
14:51 Castle Age
13:51 Double-Bit Axe
20:10 Marauders
21:32 Horse Collar
25:03 Husbandry
25:14 Bloodlines
26:01 Heavy Plow
26:20 Scale Barding Armor
26:58 Wheelbarrow
27:05 Forging
28:02 Bow Saw
28:38 Iron Casting
31:20 Gold Mining
31:49 Hand Cart
cacadecaca38
11:54 Feudal Age
11:56 Man-at-Arms
14:19 Double-Bit Axe
23:30 Forging
23:20 Scale Mail Armor
23:29 Horse Collar
29:20 Castle Age
29:25 Capped Ram
31:25 Iron Casting
31:05 Chain Mail Armor
30:20 Long Swordsman
31:01 Squires
Joaquito
10:54 Feudal Age
14:52 Castle Age
13:03 Stone Mining
13:04 Double-Bit Axe
13:45 Loom
21:43 Bloodlines
21:52 Bow Saw
25:46 Husbandry
26:45 Fletching
29:57 Wheelbarrow
30:34 Bodkin Arrow
30:44 Scale Barding Armor
Connection lost

Rejoining the realm…

Still unreachable

The connection could not be restored.

Session expired

The server has moved on; the page needs a fresh start.